 Dungeon Crawl Stone Soup version 0.23-a0-445-g768d57b80b (webtiles) character file.

91 D1HalberdGnoll the Vexing (level 4, -4/34 HPs)
             Began as a Gnoll Wanderer on Nov 17, 2018.
             Slain by a gnoll
             ... wielding a +0 spear
              (7 damage)
             ... on level 3 of the Dungeon.
             The game lasted 00:04:09 (4325 turns).

D1HalberdGnoll the Vexing (Gnoll Wanderer)          Turns: 4325, Time: 00:04:10

Health: -4/34      AC:  8    Str: 15    XL:     4   Next: 57%
Magic:  8/8        EV:  7    Int: 15    God:
Gold:   87         SH:  0    Dex: 14    Spells: 9/9 levels left

rFire    . . .     SeeInvis .   p - +0 war axe
rCold    . . .     Gourm    .   (no shield)
rNeg     . . .     Faith    .   h - -1 chain mail
rPois    .         Spirit   .   (no helmet)
rElec    .         Reflect  .   n - +0 cloak
rCorr    .         Harm     .   (no gloves)
MR       .....                  (no boots)
Stlth    ..........             (no amulet)
HPRegen  0.11/turn              (no ring)
MPRegen  0.11/turn              (no ring)

@: no status effects
A: distributed training, fangs 1, strong nose
a: no special abilities


You were on level 3 of the Dungeon.
You were not hungry.

You visited 1 branch of the dungeon, and saw 3 of its levels.

You collected 87 gold pieces.

Inventory:

Hand Weapons
 p - a +0 war axe (weapon)
Armour
 h - a -1 chain mail (worn)
 n - a +0 cloak (worn)
Wands
 o - a wand of digging (4)
Scrolls
 c - a scroll of identify
 j - 6 scrolls of remove curse
 k - a scroll of enchant weapon {unknown}
Potions
 a - 2 potions of agility
 b - 3 potions of curing {unknown}
 d - a potion of magic {unknown}
 g - a potion of brilliance {unknown}
 i - 3 potions of heal wounds {unknown}
Comestibles
 f - 5 rations


   Skills:
 + Level 2.7 Fighting
 + Level 1.1 Short Blades
 + Level 2.7 Long Blades
 + Level 1.1 Axes
 + Level 1.1 Maces & Flails
 + Level 1.1 Polearms
 + Level 1.1 Staves
 + Level 1.1 Slings
 + Level 1.1 Bows
 + Level 1.1 Crossbows
 + Level 1.1 Throwing
 + Level 1.1 Armour
 + Level 2.7 Dodging
 + Level 2.5 Stealth
 + Level 2.7 Shields
 + Level 1.1 Unarmed Combat
 + Level 3.0 Spellcasting
 + Level 0.9 Conjurations
 + Level 5.4 Hexes
 + Level 0.9 Charms
 + Level 0.9 Summonings
 + Level 0.9 Necromancy
 + Level 0.9 Translocations
 + Level 0.9 Transmutations
 + Level 0.9 Fire Magic
 + Level 0.9 Ice Magic
 + Level 2.2 Air Magic
 + Level 0.9 Earth Magic
 + Level 0.9 Poison Magic
 + Level 1.2 Invocations
 + Level 1.1 Evocations


You had 9 spell levels left.
You didn't know any spells.
Your spell library contained the following spells:

 Spells                   Type           Power        Failure   Level  Hunger
 Slow                     Hex            ###.....     58%         2    ##.....
 Magic Dart               Conj           #...         97%         1    #......
 Summon Butterflies       Summ           #.......     97%         1    #......
 Blink                    Tloc           N/A          99%         2    ##.....
 Call Imp                 Summ           #.......     99%         2    ##.....
 Call Canine Familiar     Summ           #.......     100%        3    ###....
 Conjure Flame            Conj/Fire      #.......     100%        3    ###....
 Mephitic Cloud           Conj/Pois/Air  #.......     100%        3    ###....


Dungeon Overview and Level Annotations

Branches:
Dungeon (3/15)

Altars:
Gozag
Trog
Uskayaw


Innate Abilities, Weirdness & Mutations

Your experience applies equally to all skills.
You have very sharp teeth.
Your uncanny sense of smell can sniff out nearby items.


Message History

The gnoll hits you but does no damage. x2
Your chain mail prevents you from hitting the gnoll.
The gnoll is almost dead.
The gnoll completely misses you.
The frilled lizard unfolds its giant frill.
The gnoll barely misses you.
The gnoll hits you from afar with a +0 spear.
* * * LOW HITPOINT WARNING * * *
The frilled lizard bites you but does no damage.
The gnoll hits you but does no damage.
Your chain mail prevents you from hitting the gnoll.
The gnoll is almost dead.
Your chain mail prevents you from hitting the frilled lizard.
The gnoll hits you from afar with a +0 spear.
* * * LOW HITPOINT WARNING * * *
The frilled lizard completely misses you.
The gnoll hits you with a +0 spear.
* * * LOW HITPOINT WARNING * * *
The gnoll hits you from afar with a +0 spear!
You die...

#. #.#...# #.# #. .
..#...# ##.###....
...########......#
#.# #.....##### ..
#.###....# .. ####.##
######## ## #..##
#......#
#########..###......#
.......@lggw.......>
...#########.#......
#.#.##### #...# ###.#
∆ #g### #...# #l#.#
#g#..#


You could see 2 gnolls, a dart slug and a frilled lizard.

Vanquished Creatures
  2 adders (D:2)
  6 worms
  2 dart slugs (D:1)
  2 leopard geckos (D:1)
  A ball python (D:2)
  3 bats
  A giant cockroach (D:1)
  5 goblins
  9 hobgoblins
  2 jackals (D:1)
  2 quokkas
  A frilled lizard (D:1)
  5 kobolds
  7 rats
48 creatures vanquished.

Notes
Turn   | Place    | Note
-------+----------+-------------------------------------------
     0 | D:1      | D1HalberdGnoll the Gnoll Wanderer began the quest for the
                  | Orb.
     0 | D:1      | D1HalberdGnoll set off with the following items: a potion
                  | of lignification, a +0 robe, a +0 club, a ration; and the
                  | following spells available to memorise: Slow, Magic Dart,
                  | Summon Butterflies, Blink, Call Imp, Mephitic Cloud, Call
                  | Canine Familiar, Conjure Flame
     0 | D:1      | Reached XP level 1. HP: 17/17 MP: 4/4
    96 | D:1      | Reached XP level 2. HP: 11/23 MP: 5/5
  1158 | D:1      | Reached XP level 3. HP: 23/28 MP: 7/7
  2217 | D:2      | Reached skill level 1 in Invocations
  2607 | D:2      | Found a bloodstained altar of Trog.
  3048 | D:2      | Reached skill level 1 in Short Blades
  3048 | D:2      | Reached skill level 1 in Axes
  3048 | D:2      | Reached skill level 1 in Maces & Flails
  3048 | D:2      | Reached skill level 1 in Polearms
  3048 | D:2      | Reached skill level 1 in Staves
  3048 | D:2      | Reached skill level 1 in Slings
  3048 | D:2      | Reached skill level 1 in Bows
  3048 | D:2      | Reached skill level 1 in Crossbows
  3048 | D:2      | Reached skill level 1 in Throwing
  3048 | D:2      | Reached skill level 1 in Armour
  3048 | D:2      | Reached skill level 1 in Unarmed Combat
  3048 | D:2      | Reached skill level 1 in Evocations
  3473 | D:2      | Reached XP level 4. HP: 20/34 MP: 8/8
  4165 | D:2      | Found an opulent altar of Gozag.
  4174 | D:2      | Found a hide-covered altar of Uskayaw.
  4325 | D:3      | Slain by a gnoll

Vault maps used:
D:1:      minmay_arrival_hallway
D:2:      lemuel_round_altar, gammafunk_temple_overflow_pools
D:3:      uniq_robin, uniq_terence

Skill      XL: |  1  2  3  4 |
---------------+-------------+-----
Air Magic      | 2 |  2.2
Invocations    | 1 |  1.2
Short Blades   | 1 |  1.1
Axes           | 1 |  1.1
Maces & Flails | 1 |  1.1
Polearms       | 1 |  1.1
Staves         | 1 |  1.1
Slings         | 1 |  1.1
Bows           | 1 |  1.1
Crossbows      | 1 |  1.1
Throwing       | 1 |  1.1
Armour         | 1 |  1.1
Unarmed Combat | 1 |  1.1
Evocations     | 1 |  1.1
Spellcasting   | 3 |  3.0
Fighting       | |  2.7
Long Blades    | |  2.7
Dodging        | |  2.7
Stealth        | |  2.5
Shields        | |  2.7
Conjurations   | |  0.9
Hexes          | |  5.4
Charms         | |  0.9
Summonings     | |  0.9
Necromancy     | |  0.9
Translocations | |  0.9
Transmutations | |  0.9
Fire Magic     | |  0.9
Ice Magic      | |  0.9
Earth Magic    | |  0.9
Poison Magic   | |  0.9

Action                   |  1- 3 |  4- 6 || total
-------------------------+-------+-------++-------
Melee: Club              |   233 |    31 ||   264
       Bite              |    26 |     5 ||    31
       Punch             |     1 |       ||     1
       War axe           |       |    24 ||    24
Throw: Tomahawk          |     5 |     8 ||    13
  Use: Potion            |     1 |       ||     1
       Scroll            |     1 |     2 ||     3
 Stab: Sleeping          |     1 |       ||     1
  Eat: Chunk             |     8 |     3 ||    11
Armor: Skin              |    12 |       ||    12
       Robe              |     4 |       ||     4
       Chain mail        |   124 |    44 ||   168
Dodge: Dodged            |    88 |    21 ||   109

Table legend:
 A = Non-vault XP
 B = Vault XP
 C = Vault XP percentage of total XP
 D = Non-vault monster count
 E = Vault monster count
 F = Vault count percentage of total count
                 A         B        C        D         E       F
            +---------+---------+-------+---------+---------+-------
      Total |     130 |       0 |   0.0 |      48 |       0 |   0.0
            +---------+---------+-------+---------+---------+-------
        D:1 |      54 |       0 |   0.0 |      26 |       0 |   0.0
        D:2 |      76 |       0 |   0.0 |      22 |       0 |   0.0
            +---------+---------+-------+---------+---------+-------
